AoeStats
← Skirmblaster

Arabia

509971910Analyzed
1v1 RM · 3d ago on Sep 28, 2026· 33m 5s· 2 players
Game mode
Random Map
Map size
Tiny (2 player)
Population
200
Speed
Normal
Resources
Standard
Victory
Conquest
Starting age
Dark Age
Ending age
Imperial Age
RankedLock teamsTeams togetherTeam positionsShared explorationLock speedFull tech treeHidden civsTurbo modeCheats
Victory
Defeat
🇺🇸 Varangians · United States
996
+15
🇩🇪 Persians · Germany
967
-15
Skirmblaster
4:52 Loom
17:58 Feudal Age
20:48 Double-Bit Axe
22:00 Fletching
One Bad Koala
6:50 Loom
9:33 Feudal Age
24:44 Castle Age
25:30 Fletching
26:39 Murder Holes
Connection lost

Rejoining the realm…

Still unreachable

The connection could not be restored.

Session expired

The server has moved on; the page needs a fresh start.